[ AOE2 MATCH · #479805282 ]
UnrankedVikings vs Persians
[ REPLAY ANALYSIS · EXTRACTED FROM THE RECORDED GAME ]
Feudal
10:21
Castle
15:09
Imperial
28:32
| APM avg | 31.6 |
| APM peak | 51 |
| eAPM avg | 21.7 |
| Villagers / military | 160 / 325 |
Focus
⚔️ 25.3% · 🌾 74.7%
Spearman ×235 · Scorpion ×72 · Monk ×7 · Trebuchet (Packed) ×5 · Mangonel ×4 · Militia ×1
Feudal
11:21
Castle
14:56
Imperial
35:27
| APM avg | 29.8 |
| APM peak | 87 |
| eAPM avg | 13.2 |
| Villagers / military | 105 / 84 |
Focus
⚔️ 31.4% · 🌾 68.6%
Archer ×69 · Armored Elephant ×9 · Militia ×4 · Elephant Archer ×2
Feudal
10:45
Castle
14:05
Imperial
28:12
| APM avg | 38.0 |
| APM peak | 70 |
| eAPM avg | 21.2 |
| Villagers / military | 152 / 165 |
Focus
⚔️ 17.3% · 🌾 82.7%
Knight ×156 · Bombard Cannon ×6 · Trebuchet (Packed) ×2 · Mangonel ×1
Feudal
11:30
Castle
17:07
Imperial
28:57
| APM avg | 32.3 |
| APM peak | 77 |
| eAPM avg | 16.6 |
| Villagers / military | 86 / 93 |
Focus
⚔️ 31.2% · 🌾 68.8%
Bolas Rider ×78 · Trebuchet (Packed) ×6 · Skirmisher ×5 · Mangonel ×4
Feudal
10:45
Castle
15:21
Imperial
38:22
| APM avg | 38.9 |
| APM peak | 77 |
| eAPM avg | 18.9 |
| Villagers / military | 129 / 141 |
Focus
⚔️ 35.7% · 🌾 64.3%
Spearman ×60 · Monaspa ×36 · Scout Cavalry ×32 · Petard ×5 · Skirmisher ×4 · Cavalry Archer ×3
Feudal
10:56
Castle
15:04
Imperial
35:12
| APM avg | 38.0 |
| APM peak | 73 |
| eAPM avg | 19.3 |
| Villagers / military | 66 / 1 |
Focus
⚔️ 47.8% · 🌾 52.2%
Unknown (1968) ×103 · Unknown (1942) ×6 · Battering Ram ×1
Feudal
11:33
Castle
15:10
Imperial
—
| APM avg | 37.5 |
| APM peak | 108 |
| eAPM avg | 14.7 |
| Villagers / military | 101 / 94 |
Focus
⚔️ 36.2% · 🌾 63.8%
Skirmisher ×78 · Spearman ×6 · Obuch ×4 · Knight ×4 · Archer ×1 · Scout Cavalry ×1
Feudal
10:32
Castle
14:17
Imperial
29:49
| APM avg | 32.1 |
| APM peak | 54 |
| eAPM avg | 20.1 |
| Villagers / military | 126 / 89 |
Focus
⚔️ 31.7% · 🌾 68.3%
Hand Cannoneer ×74 · Bombard Cannon ×6 · Mangonel ×4 · Spearman ×2 · Trebuchet (Packed) ×2 · Monk ×1
Match map
Initial resources + every placement click. Lines = walls · curves = elevation contours. ◆ gold · ⬟ stone · ● berries · ✦ relic · ◌ wall gap
Your base· ✓ Closed at 15:09 · 0t walls · 3 gate(s)
Shino's base· ✓ Closed at 14:56 · 0t walls · 2 gate(s)
柒染's base· ✓ Closed at 14:05 · 0t walls · 2 gate(s)
唐尚书右丞王维's base· ✓ Closed at 17:07 · 0t walls · 2 gate(s)
JohTo's base· ✓ Closed at 15:21 · 0t walls · 2 gate(s)
G2_pizza's base· ✓ Closed at 15:04 · 0t walls · 3 gate(s)
BLABLA_8686's base· ✓ Closed at 15:10 · 4t walls · 2 gate(s)
巨炮叔叔's base· ✓ Closed at 14:17 · 0t walls · 3 gate(s)
Smoothed initial terrain · ◌ = detected wall gap · hover for details
Inputs per minute
— Keverrs - - Shino
Build order — Keverrs
First 150 of 471 actions detected
| 0:01 | Create | Villager (Male) |
| 0:01 | Create | Villager (Male) |
| 0:02 | Build | House |
| 0:03 | Build | House |
| 0:05 | Create | Villager (Male) |
| 0:05 | Create | Villager (Male) |
| 1:25 | Create | Villager (Male) |
| 1:26 | Create | Villager (Male) |
| 2:02 | Build | Lumber Camp |
| 2:05 | Create | Villager (Male) |
| 2:26 | Create | Villager (Male) |
| 2:27 | Create | Villager (Male) |
| 2:33 | Create | Villager (Male) |
| 2:33 | Create | Villager (Male) |
| 3:23 | Create | Villager (Male) |
| 3:24 | Create | Villager (Male) |
| 3:49 | Create | Villager (Male) |
| 3:57 | Build | House |
| 4:16 | Build | Mill |
| 4:22 | Create | Villager (Male) |
| 4:22 | Create | Villager (Male) |
| 4:51 | Create | Villager (Male) |
| 4:52 | Create | Villager (Male) |
| 5:24 | Build | Farm |
| 5:29 | Create | Villager (Male) |
| 5:30 | Create | Villager (Male) |
| 5:53 | Build | Farm |
| 6:01 | Create | Villager (Male) |
| 6:04 | Build | House |
| 6:08 | Create | Villager (Male) |
| 6:32 | Create | Villager (Male) |
| 6:43 | Build | Farm |
| 7:14 | Build | Farm |
| 7:36 | Create | Villager (Male) |
| 8:05 | Create | Villager (Male) |
| 8:09 | Research | Loom |
| 8:09 | Research | Feudal Age |
| 8:28 | Build | Mining Camp |
| 9:53 | Build | House |
| 10:13 | Create | Villager (Male) |
| 10:21 | Age | Feudal Age |
| 10:23 | Research | Horse Collar |
| 10:25 | Research | Double-Bit Axe |
| 10:35 | Build | Blacksmith |
| 10:49 | Create | Villager (Male) |
| 11:33 | Create | Villager (Male) |
| 11:40 | Build | Market |
| 12:01 | Create | Villager (Male) |
| 12:29 | Research | Castle Age |
| 12:34 | Create | Villager (Male) |
| 13:11 | Create | Villager (Male) |
| 15:09 | Age | Castle Age |
| 15:13 | Build | Town Center |
| 15:17 | Build | Town Center |
| 15:19 | Research | Bow Saw |
| 15:24 | Build | Monastery |
| 15:36 | Create | Villager (Male) |
| 15:49 | Build | Farm |
| 15:51 | Build | Farm |
| 15:57 | Build | Farm |
| 15:57 | Create | Villager (Male) |
| 16:01 | Create | Villager (Male) |
| 16:08 | Create | Monk |
| 16:09 | Create | Monk |
| 16:19 | Build | House |
| 16:21 | Create | Villager (Male) |
| 16:25 | Create | Villager (Male) |
| 16:32 | Create | Villager (Male) |
| 16:39 | Create | Villager (Male) |
| 16:54 | Build | Farm |
| 16:54 | Build | Farm |
| 16:54 | Build | Farm |
| 16:55 | Build | Farm |
| 16:55 | Build | Farm |
| 16:55 | Build | Farm |
| 16:55 | Build | Farm |
| 16:56 | Build | Farm |
| 16:59 | Create | Monk |
| 17:06 | Create | Villager (Male) |
| 17:06 | Create | Villager (Male) |
| 17:07 | Create | Villager (Male) |
| 17:22 | Create | Villager (Male) |
| 17:22 | Create | Villager (Male) |
| 17:28 | Build | Farm |
| 17:28 | Build | Farm |
| 17:29 | Build | Farm |
| 17:29 | Build | Farm |
| 17:29 | Build | Farm |
| 17:29 | Build | Farm |
| 17:30 | Build | Farm |
| 17:30 | Build | Farm |
| 17:47 | Build | Farm |
| 17:48 | Build | Farm |
| 17:48 | Build | Farm |
| 17:48 | Build | Farm |
| 17:48 | Build | Farm |
| 17:52 | Create | Villager (Male) |
| 17:53 | Create | Villager (Male) |
| 18:00 | Create | Villager (Male) |
| 18:01 | Create | Villager (Male) |
| 18:13 | Create | Monk |
| 18:14 | Create | Villager (Male) |
| 18:14 | Create | Villager (Male) |
| 18:25 | Create | Villager (Male) |
| 18:25 | Create | Villager (Male) |
| 18:29 | Build | House |
| 18:32 | Build | House |
| 18:40 | Build | House |
| 18:40 | Build | House |
| 18:41 | Create | Villager (Male) |
| 18:42 | Create | Villager (Male) |
| 18:44 | Build | House |
| 18:45 | Build | House |
| 19:11 | Create | Villager (Male) |
| 19:11 | Create | Villager (Male) |
| 19:13 | Build | Farm |
| 19:13 | Build | Farm |
| 19:13 | Build | Farm |
| 19:14 | Build | Farm |
| 19:14 | Build | Farm |
| 19:14 | Build | Farm |
| 19:14 | Build | Farm |
| 19:15 | Create | Villager (Male) |
| 19:15 | Create | Villager (Male) |
| 19:23 | Build | Farm |
| 19:24 | Build | Farm |
| 19:24 | Build | Farm |
| 19:24 | Build | Farm |
| 19:24 | Build | Farm |
| 19:25 | Create | Villager (Male) |
| 19:25 | Create | Villager (Male) |
| 19:32 | Build | Siege Workshop |
| 19:33 | Create | Villager (Male) |
| 19:33 | Create | Villager (Male) |
| 19:55 | Build | Farm |
| 19:56 | Build | Farm |
| 19:56 | Build | Farm |
| 19:56 | Create | Villager (Male) |
| 19:57 | Create | Villager (Male) |
| 19:58 | Create | Villager (Male) |
| 19:58 | Create | Villager (Male) |
| 20:01 | Build | House |
| 20:02 | Build | House |
| 20:13 | Create | Monk |
| 20:13 | Create | Monk |
| 20:18 | Create | Villager (Male) |
| 20:18 | Create | Villager (Male) |
| 20:33 | Create | Mangonel |
| 20:34 | Create | Villager (Male) |
| 20:36 | Build | Farm |
Build order — Shino
First 150 of 272 actions detected
| 0:00 | Create | Villager (Male) |
| 0:01 | Create | Villager (Male) |
| 0:01 | Create | Villager (Male) |
| 0:01 | Create | Villager (Male) |
| 0:03 | Build | House |
| 0:05 | Build | House |
| 1:19 | Create | Villager (Male) |
| 1:50 | Build | Lumber Camp |
| 1:58 | Create | Villager (Male) |
| 2:27 | Create | Villager (Male) |
| 2:40 | Create | Villager (Male) |
| 3:18 | Create | Villager (Male) |
| 3:19 | Create | Villager (Male) |
| 3:47 | Create | Villager (Male) |
| 3:52 | Build | House |
| 3:58 | Build | House |
| 4:16 | Build | House |
| 4:27 | Create | Villager (Male) |
| 4:32 | Create | Villager (Male) |
| 4:47 | Build | Mill |
| 5:02 | Create | Villager (Male) |
| 5:10 | Create | Villager (Male) |
| 5:20 | Create | Villager (Male) |
| 6:00 | Create | Villager (Male) |
| 6:28 | Build | Farm |
| 6:30 | Build | Farm |
| 6:38 | Create | Villager (Male) |
| 6:45 | Build | Lumber Camp |
| 6:48 | Create | Villager (Male) |
| 7:04 | Create | Villager (Male) |
| 7:11 | Create | Villager (Male) |
| 7:17 | Build | Farm |
| 7:44 | Create | Villager (Male) |
| 7:59 | Build | House |
| 8:29 | Build | Farm |
| 8:45 | Build | Mining Camp |
| 8:54 | Research | Feudal Age |
| 9:29 | Create | Villager (Male) |
| 9:30 | Create | Villager (Male) |
| 9:50 | Create | Villager (Male) |
| 10:10 | Create | Villager (Male) |
| 10:28 | Create | Villager (Male) |
| 11:21 | Age | Feudal Age |
| 11:26 | Build | Market |
| 11:29 | Build | Blacksmith |
| 12:16 | Research | Castle Age |
| 12:16 | Research | Castle Age |
| 12:22 | Build | Barracks |
| 12:25 | Research | Scale Mail Armor |
| 12:52 | Research | Double-Bit Axe |
| 13:11 | Build | House |
| 13:19 | Build | Farm |
| 13:23 | Build | Farm |
| 13:27 | Research | Horse Collar |
| 13:36 | Create | Militia |
| 13:39 | Build | House |
| 13:44 | Build | Farm |
| 13:50 | Build | Farm |
| 13:55 | Build | Farm |
| 14:01 | Create | Militia |
| 14:05 | Build | House |
| 14:17 | Create | Villager (Male) |
| 14:23 | Create | Militia |
| 14:38 | Research | Man-at-Arms (upgrade) |
| 14:44 | Build | House |
| 14:50 | Create | Villager (Male) |
| 14:56 | Age | Castle Age |
| 15:02 | Build | Siege Workshop |
| 15:05 | Create | Villager (Male) |
| 15:11 | Create | Militia |
| 15:14 | Create | Villager (Male) |
| 15:25 | Build | Farm |
| 15:35 | Build | Farm |
| 15:54 | Build | House |
| 16:01 | Create | Armored Elephant |
| 16:08 | Create | Villager (Male) |
| 16:11 | Build | Farm |
| 16:20 | Build | House |
| 16:35 | Create | Armored Elephant |
| 16:45 | Build | Archery Range |
| 16:50 | Create | Villager (Male) |
| 17:11 | Create | Villager (Male) |
| 17:21 | Build | Farm |
| 17:26 | Create | Villager (Male) |
| 17:30 | Build | Farm |
| 17:31 | Build | Farm |
| 17:37 | Create | Archer |
| 17:38 | Create | Archer |
| 17:42 | Build | House |
| 17:44 | Create | Villager (Male) |
| 17:51 | Create | Villager (Male) |
| 18:12 | Build | House |
| 18:13 | Create | Armored Elephant |
| 18:16 | Create | Villager (Male) |
| 18:36 | Build | Farm |
| 18:43 | Create | Armored Elephant |
| 18:51 | Build | Farm |
| 19:03 | Create | Villager (Male) |
| 19:05 | Create | Archer |
| 19:15 | Research | Fletching |
| 19:30 | Create | Archer |
| 19:35 | Build | Farm |
| 19:38 | Create | Villager (Male) |
| 19:49 | Create | Archer |
| 20:03 | Research | Crossbowman (upgrade) |
| 20:11 | Build | Farm |
| 20:12 | Create | Villager (Male) |
| 20:17 | Create | Archer |
| 20:21 | Create | Villager (Male) |
| 20:24 | Build | Farm |
| 20:29 | Create | Archer |
| 20:31 | Create | Villager (Male) |
| 20:46 | Create | Archer |
| 20:54 | Build | Farm |
| 20:56 | Build | Farm |
| 20:58 | Create | Villager (Male) |
| 21:02 | Build | Farm |
| 21:21 | Create | Archer |
| 21:25 | Create | Villager (Male) |
| 21:36 | Create | Villager (Male) |
| 21:41 | Create | Villager (Male) |
| 22:06 | Create | Archer |
| 22:09 | Create | Villager (Male) |
| 22:15 | Build | University |
| 22:18 | Create | Villager (Male) |
| 22:33 | Create | Archer |
| 22:34 | Create | Villager (Male) |
| 22:43 | Research | Bodkin Arrow |
| 22:51 | Create | Archer |
| 22:52 | Create | Villager (Male) |
| 23:15 | Create | Archer |
| 23:40 | Research | Ballistics |
| 23:42 | Research | Padded Archer Armor |
| 23:43 | Create | Villager (Male) |
| 23:45 | Create | Villager (Male) |
| 23:48 | Build | Lumber Camp |
| 23:50 | Create | Villager (Male) |
| 23:53 | Build | House |
| 23:54 | Build | House |
| 23:58 | Create | Villager (Male) |
| 24:32 | Create | Archer |
| 24:46 | Create | Archer |
| 24:47 | Create | Villager (Male) |
| 25:02 | Create | Archer |
| 25:03 | Create | Archer |
| 25:16 | Build | Town Center |
| 25:17 | Create | Archer |
| 25:21 | Create | Villager (Male) |
| 25:28 | Build | House |
| 25:29 | Create | Villager (Male) |
Build order — 柒染
First 150 of 355 actions detected
| 0:02 | Create | Villager (Male) ×5 |
| 0:04 | Build | House |
| 0:06 | Build | House |
| 1:41 | Build | Lumber Camp |
| 1:44 | Create | Villager (Male) |
| 1:45 | Create | Villager (Male) |
| 2:03 | Create | Villager (Male) |
| 2:25 | Create | Villager (Male) |
| 2:51 | Create | Villager (Male) |
| 3:16 | Create | Villager (Male) |
| 3:16 | Create | Villager (Male) |
| 3:23 | Build | House |
| 3:50 | Build | Mill |
| 3:59 | Create | Villager (Male) |
| 4:00 | Create | Villager (Male) |
| 4:52 | Create | Villager (Male) |
| 4:52 | Create | Villager (Male) |
| 4:53 | Create | Villager (Male) |
| 5:36 | Build | House |
| 6:01 | Create | Villager (Male) |
| 6:02 | Create | Villager (Male) |
| 6:02 | Create | Villager (Male) |
| 6:10 | Create | Villager (Male) |
| 6:53 | Create | Villager (Male) |
| 7:30 | Create | Villager (Male) |
| 7:56 | Build | Farm |
| 7:58 | Build | Farm |
| 8:08 | Build | Mining Camp |
| 8:41 | Research | Feudal Age |
| 8:42 | Create | Villager (Male) |
| 8:42 | Create | Villager (Male) |
| 9:48 | Build | House |
| 10:09 | Build | House |
| 10:25 | Build | House |
| 10:45 | Age | Feudal Age |
| 10:45 | Build | House |
| 10:51 | Build | Market |
| 10:55 | Build | Blacksmith |
| 11:39 | Research | Castle Age |
| 11:42 | Create | Villager (Male) |
| 12:03 | Build | House |
| 12:06 | Research | Horse Collar |
| 12:14 | Research | Double-Bit Axe |
| 12:27 | Build | House |
| 12:36 | Build | House |
| 13:17 | Create | Villager (Male) |
| 13:41 | Build | Farm |
| 13:48 | Build | Farm |
| 14:05 | Age | Castle Age |
| 14:10 | Build | Town Center |
| 14:16 | Build | Town Center |
| 14:53 | Create | Villager (Male) |
| 14:53 | Create | Villager (Male) |
| 14:54 | Create | Villager (Male) |
| 15:06 | Build | Farm |
| 15:09 | Research | Wheelbarrow |
| 15:19 | Research | Bow Saw |
| 15:34 | Build | Farm |
| 15:37 | Build | Farm |
| 15:39 | Create | Villager (Male) |
| 15:39 | Create | Villager (Male) |
| 15:41 | Create | Villager (Male) |
| 15:41 | Create | Villager (Male) |
| 15:46 | Build | Farm |
| 15:51 | Build | Farm |
| 15:54 | Build | Farm |
| 15:58 | Build | Farm |
| 16:05 | Create | Villager (Male) |
| 16:05 | Create | Villager (Male) |
| 16:09 | Build | Farm |
| 16:11 | Build | Farm |
| 16:17 | Build | Farm |
| 16:26 | Build | Farm |
| 16:32 | Create | Villager (Male) |
| 16:33 | Create | Villager (Male) |
| 16:35 | Build | Farm |
| 16:43 | Create | Villager (Male) |
| 16:43 | Create | Villager (Male) |
| 16:53 | Build | Farm |
| 16:56 | Build | Farm |
| 16:58 | Build | Farm |
| 17:00 | Build | Farm |
| 17:03 | Create | Villager (Male) |
| 17:03 | Create | Villager (Male) |
| 17:13 | Create | Villager (Male) |
| 17:13 | Create | Villager (Male) |
| 17:14 | Create | Villager (Male) |
| 17:30 | Build | Farm |
| 17:31 | Create | Villager (Male) |
| 17:31 | Create | Villager (Male) |
| 17:35 | Create | Villager (Male) |
| 17:35 | Create | Villager (Male) |
| 17:40 | Build | Farm |
| 17:56 | Create | Villager (Male) |
| 17:58 | Create | Villager (Male) |
| 17:58 | Create | Villager (Male) |
| 18:07 | Create | Villager (Male) |
| 18:08 | Create | Villager (Male) |
| 18:08 | Create | Villager (Male) |
| 18:33 | Create | Villager (Male) |
| 18:34 | Create | Villager (Male) |
| 18:34 | Create | Villager (Male) |
| 18:34 | Create | Villager (Male) |
| 18:37 | Build | Farm |
| 18:50 | Build | Town Center |
| 18:52 | Create | Villager (Male) |
| 18:53 | Create | Villager (Male) |
| 18:53 | Create | Villager (Male) |
| 18:53 | Create | Villager (Male) |
| 18:59 | Build | Farm |
| 19:02 | Create | Villager (Male) |
| 19:02 | Create | Villager (Male) |
| 19:08 | Build | Farm |
| 19:12 | Build | Farm |
| 19:14 | Create | Villager (Male) |
| 19:14 | Create | Villager (Male) |
| 19:21 | Build | Farm |
| 19:26 | Create | Villager (Male) |
| 19:30 | Build | Farm |
| 19:34 | Create | Villager (Male) |
| 19:43 | Create | Villager (Male) |
| 19:46 | Build | Farm |
| 19:49 | Build | Farm |
| 19:52 | Build | Farm |
| 19:55 | Build | Farm |
| 19:58 | Create | Villager (Male) |
| 19:58 | Create | Villager (Male) |
| 20:00 | Build | Farm |
| 20:05 | Create | Villager (Male) |
| 20:05 | Create | Villager (Male) |
| 20:10 | Build | Farm |
| 20:14 | Build | Farm |
| 20:17 | Build | Farm |
| 20:18 | Create | Villager (Male) |
| 20:19 | Create | Villager (Male) |
| 20:19 | Create | Villager (Male) |
| 20:24 | Build | House |
| 20:28 | Build | Farm |
| 20:34 | Create | Villager (Male) |
| 20:35 | Research | Loom |
| 20:36 | Create | Villager (Male) |
| 20:36 | Create | Villager (Male) |
| 20:42 | Build | Lumber Camp |
| 20:49 | Create | Villager (Male) |
| 20:50 | Create | Villager (Male) |
| 20:53 | Build | House |
| 20:54 | Build | House |
| 21:01 | Build | Farm |
| 21:05 | Build | Farm |
| 21:08 | Build | Farm |
Build order — 唐尚书右丞王维
First 150 of 244 actions detected
| 0:04 | Build | House |
| 0:06 | Build | House |
| 0:08 | Create | Villager (Male) |
| 0:09 | Create | Villager (Male) |
| 0:09 | Create | Villager (Male) |
| 0:09 | Create | Villager (Male) |
| 0:09 | Create | Villager (Male) |
| 0:10 | Create | Villager (Male) |
| 1:22 | Create | Villager (Male) |
| 1:22 | Create | Villager (Male) |
| 1:23 | Create | Villager (Male) |
| 1:59 | Build | Settlement |
| 2:09 | Create | Villager (Male) |
| 2:09 | Create | Villager (Male) |
| 2:14 | Create | Villager (Male) |
| 2:14 | Create | Villager (Male) |
| 2:15 | Create | Villager (Male) |
| 2:52 | Create | Villager (Male) |
| 2:52 | Create | Villager (Male) |
| 2:52 | Create | Villager (Male) |
| 3:11 | Create | Villager (Male) |
| 3:11 | Create | Villager (Male) |
| 3:12 | Create | Villager (Male) |
| 3:33 | Create | Villager (Male) |
| 3:33 | Create | Villager (Male) |
| 3:33 | Create | Villager (Male) |
| 3:52 | Research | Loom |
| 3:52 | Research | Loom |
| 4:15 | Create | Villager (Male) |
| 4:16 | Create | Villager (Male) |
| 4:46 | Create | Villager (Male) |
| 4:47 | Create | Villager (Male) |
| 4:47 | Create | Villager (Male) |
| 5:16 | Build | Settlement |
| 5:18 | Create | Villager (Male) |
| 5:19 | Create | Villager (Male) |
| 5:19 | Create | Villager (Male) |
| 5:45 | Create | Villager (Male) |
| 6:10 | Create | Villager (Male) |
| 6:16 | Build | House |
| 6:17 | Build | House |
| 6:20 | Build | House |
| 6:33 | Create | Villager (Male) |
| 6:57 | Create | Villager (Male) |
| 7:19 | Create | Villager (Male) |
| 7:50 | Build | Settlement |
| 7:55 | Create | Villager (Male) |
| 8:06 | Build | House |
| 8:07 | Build | House |
| 8:34 | Create | Villager (Male) |
| 8:40 | Create | Villager (Male) |
| 9:20 | Research | Feudal Age |
| 9:20 | Research | Feudal Age |
| 9:20 | Research | Feudal Age |
| 9:43 | Build | Barracks |
| 9:46 | Build | House |
| 9:52 | Build | Farm |
| 9:53 | Build | Farm |
| 11:30 | Age | Feudal Age |
| 11:32 | Create | Villager (Male) |
| 11:37 | Create | Villager (Male) |
| 12:03 | Build | Market |
| 12:07 | Build | Blacksmith |
| 12:09 | Create | Villager (Male) |
| 12:16 | Create | Villager (Male) |
| 12:55 | Create | Villager (Male) |
| 13:15 | Create | Villager (Male) |
| 13:38 | Create | Villager (Male) |
| 14:13 | Build | Farm |
| 14:14 | Build | Farm |
| 14:15 | Build | Farm |
| 14:16 | Build | Farm |
| 14:28 | Research | Castle Age |
| 14:28 | Research | Castle Age |
| 15:16 | Research | Double-Bit Axe |
| 15:17 | Research | Double-Bit Axe |
| 15:32 | Build | Outpost |
| 15:46 | Research | Horse Collar |
| 15:47 | Research | Horse Collar |
| 15:50 | Research | Gold Mining |
| 15:50 | Research | Gold Mining |
| 16:56 | Build | Farm |
| 17:00 | Build | Farm |
| 17:07 | Age | Castle Age |
| 17:19 | Build | Gate |
| 17:28 | Create | Villager (Male) |
| 17:40 | Build | Siege Workshop |
| 17:47 | Create | Villager (Male) |
| 18:19 | Build | Stone Wall |
| 18:25 | Build | Stone Wall |
| 18:27 | Create | Villager (Male) |
| 18:29 | Create | Mangonel |
| 18:29 | Create | Mangonel |
| 18:51 | Create | Villager (Male) |
| 18:54 | Create | Villager (Male) |
| 19:02 | Create | Villager (Male) |
| 19:14 | Create | Villager (Male) |
| 19:21 | Build | Town Center |
| 19:33 | Build | Gate |
| 19:46 | Create | Villager (Male) |
| 19:58 | Build | Farm |
| 20:05 | Create | Villager (Male) |
| 20:23 | Create | Mangonel |
| 20:25 | Create | Villager (Male) |
| 20:55 | Create | Villager (Male) |
| 20:56 | Create | Villager (Male) |
| 21:07 | Research | Wheelbarrow |
| 21:08 | Research | Wheelbarrow |
| 21:19 | Create | Villager (Male) |
| 21:33 | Create | Villager (Male) |
| 21:35 | Create | Mangonel |
| 21:39 | Create | Villager (Male) |
| 21:42 | Build | Farm |
| 21:47 | Build | Farm |
| 22:09 | Create | Villager (Male) |
| 22:12 | Create | Villager (Male) |
| 22:13 | Create | Villager (Male) |
| 22:27 | Create | Villager (Male) |
| 22:58 | Build | House |
| 23:00 | Build | House |
| 23:18 | Build | Castle |
| 23:34 | Create | Villager (Male) |
| 23:37 | Build | Farm |
| 23:45 | Build | House |
| 23:47 | Build | House |
| 23:50 | Build | House |
| 23:51 | Build | House |
| 23:58 | Create | Villager (Male) |
| 24:18 | Build | University |
| 24:32 | Create | Villager (Male) |
| 24:52 | Create | Villager (Male) |
| 24:54 | Create | Villager (Male) |
| 25:08 | Build | Archery Range |
| 25:10 | Build | Archery Range |
| 25:22 | Create | Villager (Male) |
| 25:47 | Research | Imperial Age |
| 25:47 | Research | Imperial Age |
| 26:05 | Build | Archery Range |
| 26:06 | Build | Archery Range |
| 26:09 | Research | Fletching |
| 26:10 | Research | Fletching |
| 26:10 | Research | Fletching |
| 26:23 | Build | Farm |
| 26:34 | Build | Town Center |
| 26:48 | Research | Padded Archer Armor |
| 26:51 | Create | Villager (Male) |
| 26:51 | Create | Villager (Male) |
| 26:58 | Create | Bolas Rider |
| 26:59 | Create | Bolas Rider |
| 26:59 | Create | Bolas Rider |
Build order — JohTo
First 150 of 341 actions detected
| 0:01 | Create | Villager (Male) |
| 0:02 | Research | Loom |
| 0:02 | Create | Villager (Male) ×3 |
| 0:04 | Build | House |
| 0:36 | Build | House |
| 0:37 | Build | House |
| 0:38 | Build | House |
| 1:40 | Create | Villager (Male) |
| 2:11 | Create | Villager (Male) |
| 2:34 | Create | Villager (Male) |
| 2:34 | Create | Villager (Male) |
| 2:57 | Create | Villager (Male) |
| 3:25 | Create | Villager (Male) ×2 |
| 4:10 | Create | Villager (Male) |
| 4:10 | Create | Villager (Male) |
| 4:48 | Research | Loom |
| 5:13 | Build | Mill |
| 5:15 | Create | Villager (Male) |
| 5:15 | Create | Villager (Male) |
| 5:16 | Create | Villager (Male) |
| 5:16 | Create | Villager (Male) |
| 5:51 | Create | Villager (Male) ×3 |
| 6:24 | Create | Villager (Male) |
| 6:24 | Create | Villager (Male) |
| 6:24 | Create | Villager (Male) |
| 6:28 | Create | Villager (Male) |
| 7:27 | Create | Villager (Male) |
| 7:27 | Create | Villager (Male) |
| 8:19 | Research | Feudal Age |
| 8:42 | Build | Mule Cart |
| 8:52 | Create | Villager (Male) |
| 8:53 | Create | Villager (Male) |
| 9:25 | Build | Barracks |
| 10:45 | Age | Feudal Age |
| 10:48 | Build | Stable |
| 11:09 | Build | Blacksmith |
| 11:41 | Create | Villager (Male) |
| 11:47 | Build | House |
| 12:22 | Research | Castle Age |
| 12:22 | Research | Castle Age |
| 12:36 | Build | Mule Cart |
| 12:59 | Research | Double-Bit Axe |
| 13:03 | Build | Farm |
| 13:40 | Research | Horse Collar |
| 13:40 | Research | Horse Collar |
| 14:34 | Create | Villager (Male) |
| 14:53 | Build | Farm |
| 14:54 | Build | Farm |
| 14:55 | Build | Farm |
| 15:01 | Build | Farm |
| 15:17 | Build | Farm |
| 15:18 | Build | Farm |
| 15:21 | Age | Castle Age |
| 15:49 | Create | Villager (Male) |
| 15:53 | Build | Farm |
| 16:10 | Build | Farm |
| 16:12 | Create | Villager (Male) |
| 16:15 | Build | Farm |
| 16:37 | Create | Villager (Male) |
| 16:37 | Create | Villager (Male) |
| 16:49 | Create | Villager (Male) |
| 16:52 | Build | House |
| 17:01 | Build | Farm |
| 17:13 | Build | Castle |
| 17:42 | Create | Villager (Male) |
| 17:51 | Build | Farm |
| 17:57 | Build | Farm |
| 18:00 | Create | Villager (Male) |
| 18:09 | Build | House |
| 18:30 | Build | House |
| 18:32 | Build | House |
| 18:35 | Create | Villager (Male) |
| 18:45 | Create | Petard |
| 18:45 | Create | Petard |
| 18:49 | Create | Villager (Male) |
| 19:29 | Create | Villager (Male) |
| 19:31 | Create | Monaspa |
| 19:52 | Create | Villager (Male) |
| 19:57 | Create | Monaspa |
| 20:00 | Build | Town Center |
| 20:14 | Create | Villager (Male) |
| 20:16 | Create | Monaspa |
| 20:40 | Create | Villager (Male) |
| 20:51 | Build | Monastery |
| 20:55 | Create | Villager (Male) |
| 20:56 | Create | Monaspa |
| 21:07 | Research | Scale Barding Armor |
| 21:11 | Build | Farm |
| 21:31 | Create | Villager (Male) |
| 21:32 | Create | Monaspa |
| 21:42 | Create | Villager (Male) |
| 21:44 | Build | Farm |
| 21:47 | Build | Farm |
| 21:48 | Build | Farm |
| 21:49 | Build | Farm |
| 21:51 | Create | Villager (Male) |
| 22:18 | Research | Wheelbarrow |
| 22:20 | Build | Farm |
| 22:25 | Build | Farm |
| 22:26 | Create | Monk |
| 22:30 | Build | Farm |
| 22:35 | Create | Villager (Male) |
| 22:35 | Create | Villager (Male) |
| 22:35 | Create | Villager (Male) |
| 22:44 | Build | House |
| 22:48 | Build | Farm |
| 22:50 | Build | Farm |
| 23:05 | Research | Forging |
| 23:08 | Build | Mill |
| 23:28 | Create | Petard |
| 23:28 | Create | Petard |
| 23:30 | Create | Villager (Male) |
| 23:31 | Create | Villager (Male) |
| 23:41 | Research | Fervor |
| 23:41 | Research | Sanctity |
| 23:44 | Create | Monaspa |
| 24:03 | Build | Town Center |
| 24:06 | Create | Villager (Male) |
| 24:06 | Create | Villager (Male) |
| 24:19 | Create | Petard |
| 24:21 | Create | Villager (Male) |
| 24:21 | Create | Villager (Male) |
| 24:39 | Build | Farm |
| 24:42 | Research | Bow Saw |
| 24:45 | Research | Heavy Plow |
| 24:45 | Research | Heavy Plow |
| 24:46 | Create | Villager (Male) |
| 24:46 | Create | Villager (Male) |
| 24:46 | Create | Villager (Male) |
| 25:03 | Create | Villager (Male) |
| 25:03 | Create | Villager (Male) |
| 25:07 | Build | Farm |
| 25:14 | Create | Scout Cavalry |
| 25:43 | Research | Bloodlines |
| 25:46 | Create | Scout Cavalry |
| 25:53 | Create | Villager (Male) |
| 25:53 | Create | Villager (Male) |
| 25:53 | Create | Villager (Male) |
| 25:54 | Create | Villager (Male) |
| 25:54 | Create | Villager (Male) |
| 25:59 | Build | Farm |
| 26:00 | Build | Farm |
| 26:01 | Build | Farm |
| 26:02 | Build | Farm |
| 26:06 | Create | Villager (Male) |
| 26:06 | Create | Villager (Male) |
| 26:15 | Build | Farm |
| 26:15 | Build | Farm |
| 26:17 | Build | Farm |
| 26:18 | Build | Farm |
Build order — G2_pizza
First 150 of 265 actions detected
| 0:01 | Create | Villager (Male) |
| 0:02 | Create | Villager (Male) |
| 0:03 | Build | House |
| 0:05 | Build | House |
| 0:16 | Create | Villager (Male) |
| 0:20 | Create | Villager (Male) |
| 1:29 | Create | Villager (Male) |
| 1:57 | Create | Villager (Male) |
| 1:58 | Build | Lumber Camp |
| 2:05 | Create | Villager (Male) |
| 2:44 | Create | Villager (Male) |
| 3:18 | Create | Villager (Male) |
| 3:19 | Create | Villager (Male) |
| 3:39 | Build | Mill |
| 4:01 | Build | House |
| 4:02 | Create | Villager (Male) |
| 4:24 | Build | House |
| 4:32 | Create | Villager (Male) |
| 4:42 | Build | House |
| 4:47 | Create | Villager (Male) |
| 5:06 | Create | Villager (Male) |
| 5:08 | Create | Villager (Male) |
| 5:41 | Create | Villager (Male) |
| 6:03 | Create | Villager (Male) |
| 6:46 | Create | Villager (Male) |
| 7:09 | Build | Mining Camp |
| 7:29 | Create | Villager (Male) |
| 7:44 | Create | Villager (Male) |
| 7:46 | Create | Villager (Male) |
| 8:01 | Build | Mining Camp |
| 8:35 | Research | Feudal Age |
| 9:01 | Build | Farm |
| 10:24 | Create | Villager (Male) |
| 10:24 | Create | Villager (Male) |
| 10:56 | Age | Feudal Age |
| 11:00 | Build | Market |
| 11:02 | Build | Blacksmith |
| 11:14 | Research | Double-Bit Axe |
| 11:52 | Research | Loom |
| 12:24 | Research | Castle Age |
| 13:01 | Research | Horse Collar |
| 13:05 | Build | Farm |
| 13:11 | Build | Farm |
| 13:35 | Build | Farm |
| 13:49 | Build | Lumber Camp |
| 14:00 | Create | Villager (Male) |
| 14:02 | Research | Gold Mining |
| 14:54 | Build | Farm |
| 15:04 | Age | Castle Age |
| 15:10 | Build | Castle |
| 15:16 | Create | Villager (Male) |
| 15:17 | Research | Fletching |
| 15:46 | Build | Farm |
| 15:47 | Build | Farm |
| 15:56 | Build | Mining Camp |
| 15:56 | Build | Mining Camp |
| 15:59 | Create | Villager (Male) |
| 16:18 | Build | Farm |
| 16:21 | Create | Villager (Male) |
| 16:25 | Create | Unit 1968 |
| 16:25 | Create | Unit 1968 |
| 16:28 | Create | Unit 1968 |
| 16:32 | Create | Villager (Male) |
| 16:47 | Create | Unit 1968 |
| 16:58 | Build | Farm |
| 17:04 | Create | Unit 1968 |
| 17:09 | Create | Villager (Male) |
| 17:25 | Research | Bodkin Arrow |
| 17:25 | Research | Bodkin Arrow |
| 17:25 | Research | Bodkin Arrow |
| 17:52 | Create | Unit 1968 |
| 17:55 | Create | Villager (Male) |
| 18:06 | Create | Unit 1968 |
| 18:08 | Create | Villager (Male) |
| 18:20 | Create | Unit 1968 |
| 18:30 | Create | Unit 1968 |
| 18:45 | Create | Unit 1968 |
| 18:59 | Create | Unit 1968 |
| 19:00 | Create | Villager (Male) |
| 19:01 | Create | Villager (Male) |
| 19:09 | Build | Siege Workshop |
| 19:17 | Create | Villager (Male) |
| 19:22 | Research | Padded Archer Armor |
| 19:34 | Create | Unit 1968 |
| 19:36 | Create | Unit 1968 |
| 19:45 | Create | Villager (Male) |
| 19:50 | Create | Unit 1968 |
| 19:54 | Build | Farm |
| 20:14 | Create | Villager (Male) |
| 20:18 | Create | Villager (Male) |
| 20:25 | Research | Bow Saw |
| 20:32 | Create | Unit 1968 |
| 20:33 | Create | Unit 1968 |
| 20:39 | Create | Villager (Male) |
| 20:46 | Build | House |
| 21:05 | Create | Battering Ram |
| 21:13 | Create | Villager (Male) |
| 21:18 | Create | Unit 1968 |
| 21:32 | Create | Villager (Male) |
| 21:34 | Create | Unit 1968 |
| 21:43 | Build | House |
| 21:44 | Build | House |
| 21:55 | Research | Wheelbarrow |
| 21:55 | Research | Wheelbarrow |
| 22:20 | Create | Unit 1968 |
| 22:29 | Create | Unit 1968 |
| 22:30 | Create | Villager (Male) |
| 22:40 | Create | Unit 1968 |
| 22:50 | Build | Lumber Camp |
| 22:55 | Create | Unit 1968 |
| 23:03 | Create | Villager (Male) |
| 23:24 | Research | Tech 1080 |
| 23:36 | Create | Unit 1968 |
| 23:36 | Create | Unit 1968 |
| 23:46 | Build | University |
| 23:52 | Create | Unit 1968 |
| 23:57 | Create | Villager (Male) |
| 24:01 | Build | Farm |
| 24:26 | Create | Unit 1968 |
| 24:33 | Create | Villager (Male) |
| 24:43 | Create | Unit 1968 |
| 24:47 | Create | Unit 1968 |
| 24:53 | Create | Villager (Male) |
| 24:57 | Research | Ballistics |
| 24:58 | Research | Ballistics |
| 24:58 | Research | Ballistics |
| 25:03 | Build | House |
| 25:04 | Build | House |
| 25:17 | Create | Unit 1968 |
| 25:23 | Create | Villager (Male) |
| 25:36 | Build | House |
| 25:37 | Build | House |
| 25:37 | Build | House |
| 26:04 | Create | Unit 1968 |
| 26:07 | Create | Unit 1968 |
| 26:13 | Create | Villager (Male) |
| 26:14 | Create | Villager (Male) |
| 26:17 | Build | Farm |
| 26:18 | Build | Farm |
| 26:20 | Build | Farm |
| 26:29 | Build | Castle |
| 26:58 | Create | Unit 1968 |
| 27:00 | Create | Unit 1968 |
| 27:08 | Create | Villager (Male) |
| 27:09 | Create | Villager (Male) |
| 27:11 | Build | Farm |
| 27:13 | Build | House |
| 27:14 | Build | House |
| 27:34 | Create | Unit 1968 |
| 27:34 | Create | Unit 1968 |
Build order — BLABLA_8686
First 150 of 291 actions detected
| 0:04 | Create | Villager (Male) ×4 |
| 0:06 | Build | House |
| 0:08 | Build | House |
| 1:29 | Create | Villager (Male) |
| 1:29 | Create | Villager (Male) |
| 2:14 | Create | Villager (Male) |
| 2:15 | Create | Villager (Male) |
| 2:19 | Build | Lumber Camp |
| 2:29 | Create | Villager (Male) |
| 2:29 | Create | Villager (Male) |
| 3:04 | Create | Villager (Male) |
| 3:04 | Create | Villager (Male) |
| 3:05 | Create | Villager (Male) |
| 3:58 | Create | Villager (Male) |
| 3:58 | Create | Villager (Male) |
| 4:01 | Create | Villager (Male) |
| 4:02 | Create | Villager (Male) |
| 4:11 | Build | House |
| 4:37 | Build | Mill |
| 4:47 | Create | Villager (Male) |
| 4:52 | Create | Villager (Male) |
| 4:53 | Create | Villager (Male) |
| 5:21 | Create | Villager (Male) |
| 5:21 | Create | Villager (Male) |
| 5:43 | Create | Villager (Male) |
| 5:44 | Create | Villager (Male) |
| 6:08 | Build | Farm |
| 6:10 | Build | Farm |
| 6:19 | Create | Villager (Male) |
| 6:35 | Build | Farm |
| 6:47 | Create | Villager (Male) |
| 6:55 | Build | House |
| 7:06 | Create | Villager (Male) |
| 7:34 | Create | Villager (Male) |
| 8:46 | Create | Villager (Male) |
| 9:01 | Build | House |
| 9:08 | Research | Feudal Age |
| 9:33 | Create | Villager (Male) |
| 10:32 | Build | Palisade Wall |
| 10:33 | Build | Palisade Wall |
| 10:36 | Build | Palisade Wall |
| 10:39 | Build | Palisade Wall |
| 10:48 | Create | Villager (Male) |
| 11:33 | Age | Feudal Age |
| 11:35 | Build | Market |
| 11:38 | Build | Blacksmith |
| 11:47 | Build | Farm |
| 12:30 | Research | Castle Age |
| 12:30 | Research | Castle Age |
| 12:34 | Research | Double-Bit Axe |
| 14:36 | Create | Villager (Male) |
| 15:10 | Age | Castle Age |
| 15:12 | Build | Town Center |
| 15:17 | Build | Town Center |
| 15:30 | Research | Bow Saw |
| 15:30 | Research | Bow Saw |
| 15:40 | Create | Villager (Male) |
| 15:40 | Research | Horse Collar |
| 15:46 | Build | Farm |
| 15:49 | Build | Farm |
| 15:50 | Build | Farm |
| 15:51 | Build | Farm |
| 16:09 | Create | Villager (Male) |
| 16:18 | Create | Villager (Male) |
| 16:19 | Create | Villager (Male) |
| 16:45 | Create | Villager (Male) |
| 16:46 | Create | Villager (Male) |
| 16:54 | Create | Villager (Male) |
| 16:59 | Build | Mill |
| 17:00 | Build | Farm |
| 17:00 | Build | Farm |
| 17:00 | Build | Farm |
| 17:01 | Build | Farm |
| 17:02 | Build | Farm |
| 17:15 | Build | Stone Wall |
| 17:28 | Research | Loom |
| 17:49 | Build | Stone Wall |
| 17:50 | Build | Stone Wall |
| 17:54 | Create | Villager (Male) |
| 17:55 | Create | Villager (Male) |
| 17:55 | Create | Villager (Male) |
| 17:59 | Build | Barracks |
| 18:11 | Create | Villager (Male) |
| 18:12 | Create | Villager (Male) |
| 18:27 | Create | Villager (Male) |
| 18:27 | Create | Villager (Male) |
| 18:33 | Create | Villager (Male) |
| 18:33 | Create | Villager (Male) |
| 18:39 | Build | House |
| 18:41 | Build | House |
| 18:44 | Build | House |
| 18:46 | Build | Stone Wall |
| 18:52 | Create | Villager (Male) |
| 18:53 | Create | Villager (Male) |
| 19:00 | Create | Villager (Male) |
| 19:01 | Create | Villager (Male) |
| 19:17 | Create | Villager (Male) |
| 19:17 | Create | Villager (Male) |
| 19:32 | Create | Villager (Male) |
| 19:32 | Create | Villager (Male) |
| 19:37 | Build | Farm |
| 19:38 | Build | Farm |
| 19:40 | Build | Farm |
| 19:42 | Build | Farm |
| 19:49 | Build | Archery Range |
| 19:55 | Create | Villager (Male) |
| 19:55 | Create | Villager (Male) |
| 20:11 | Create | Villager (Male) |
| 20:11 | Create | Villager (Male) |
| 20:17 | Build | Mill |
| 20:18 | Build | Farm |
| 20:35 | Create | Skirmisher |
| 20:36 | Create | Skirmisher |
| 20:53 | Build | Farm |
| 20:53 | Build | Farm |
| 20:54 | Build | Farm |
| 20:59 | Create | Skirmisher |
| 21:05 | Create | Villager (Male) |
| 21:17 | Build | Castle |
| 21:26 | Create | Villager (Male) |
| 21:26 | Create | Villager (Male) |
| 21:26 | Create | Villager (Male) |
| 21:30 | Build | House |
| 21:31 | Build | House |
| 21:31 | Build | House |
| 21:37 | Create | Skirmisher |
| 21:39 | Create | Skirmisher |
| 21:41 | Create | Villager (Male) |
| 21:41 | Create | Villager (Male) |
| 21:59 | Create | Skirmisher |
| 22:16 | Create | Villager (Male) |
| 22:16 | Create | Villager (Male) |
| 22:25 | Build | Lumber Camp |
| 22:29 | Create | Villager (Male) |
| 22:51 | Build | Blacksmith |
| 22:52 | Create | Skirmisher |
| 23:00 | Create | Obuch |
| 23:04 | Create | Obuch |
| 23:05 | Create | Villager (Male) |
| 23:12 | Build | Farm |
| 23:12 | Build | Farm |
| 23:12 | Build | Farm |
| 23:13 | Build | Farm |
| 23:14 | Build | Farm |
| 23:14 | Build | Farm |
| 23:14 | Build | Farm |
| 23:22 | Create | Obuch |
| 23:26 | Create | Skirmisher |
| 23:34 | Create | Villager (Male) |
| 23:40 | Create | Villager (Male) |
Build order — 巨炮叔叔
First 150 of 435 actions detected
| 0:02 | Create | Villager (Male) |
| 0:02 | Create | Villager (Male) |
| 0:04 | Build | House |
| 0:05 | Build | House |
| 0:19 | Create | Villager (Male) |
| 0:20 | Create | Villager (Male) |
| 0:20 | Create | Villager (Male) |
| 1:03 | Create | Villager (Male) |
| 1:36 | Create | Villager (Male) |
| 1:50 | Build | Lumber Camp |
| 2:17 | Create | Villager (Male) |
| 2:18 | Create | Villager (Male) |
| 3:13 | Create | Villager (Male) |
| 3:16 | Create | Villager (Male) |
| 3:27 | Build | House |
| 3:28 | Build | House |
| 3:34 | Create | Villager (Male) |
| 3:39 | Create | Villager (Male) |
| 3:58 | Build | House |
| 4:16 | Create | Villager (Male) |
| 4:18 | Create | Villager (Male) |
| 4:43 | Build | Mill |
| 5:00 | Create | Villager (Male) |
| 5:13 | Create | Villager (Male) |
| 5:33 | Create | Villager (Male) |
| 5:42 | Build | Mining Camp |
| 6:23 | Create | Villager (Male) |
| 6:33 | Create | Villager (Male) |
| 6:50 | Build | Lumber Camp |
| 6:55 | Create | Villager (Male) |
| 7:38 | Create | Villager (Male) |
| 8:01 | Build | Farm |
| 8:17 | Research | Feudal Age |
| 8:17 | Research | Feudal Age |
| 8:26 | Build | Farm |
| 8:29 | Build | Farm |
| 10:25 | Create | Villager (Male) |
| 10:25 | Create | Villager (Male) |
| 10:32 | Age | Feudal Age |
| 10:42 | Build | Market |
| 10:47 | Build | Blacksmith |
| 11:37 | Research | Castle Age |
| 11:37 | Research | Castle Age |
| 12:10 | Research | Double-Bit Axe |
| 12:11 | Research | Double-Bit Axe |
| 12:22 | Build | House |
| 12:24 | Build | House |
| 12:27 | Build | House |
| 12:28 | Build | House |
| 12:38 | Research | Horse Collar |
| 12:38 | Research | Horse Collar |
| 13:33 | Research | Loom |
| 13:34 | Research | Loom |
| 14:17 | Age | Castle Age |
| 14:21 | Build | Town Center |
| 14:29 | Build | Town Center |
| 14:40 | Create | Villager (Male) |
| 14:46 | Create | Villager (Male) |
| 14:52 | Build | Farm |
| 14:57 | Build | House |
| 14:58 | Build | House |
| 15:05 | Research | Bow Saw |
| 15:06 | Research | Bow Saw |
| 15:25 | Build | Farm |
| 15:26 | Create | Villager (Male) |
| 15:48 | Create | Villager (Male) |
| 15:50 | Create | Villager (Male) |
| 15:51 | Create | Villager (Male) |
| 16:01 | Create | Villager (Male) |
| 16:02 | Create | Villager (Male) |
| 16:02 | Create | Villager (Male) |
| 16:14 | Build | Farm |
| 16:16 | Build | Farm |
| 16:17 | Create | Villager (Male) |
| 16:20 | Build | Farm |
| 16:35 | Create | Villager (Male) |
| 16:38 | Build | Farm |
| 16:38 | Build | Farm |
| 16:39 | Build | Farm |
| 16:40 | Create | Villager (Male) |
| 16:43 | Create | Villager (Male) |
| 16:46 | Build | Farm |
| 16:47 | Create | Villager (Male) |
| 16:50 | Build | Farm |
| 16:51 | Create | Villager (Male) |
| 16:56 | Build | Farm |
| 16:57 | Create | Villager (Male) |
| 17:01 | Build | House |
| 17:06 | Create | Villager (Male) |
| 17:12 | Build | Farm |
| 17:13 | Create | Villager (Male) |
| 17:16 | Build | Farm |
| 17:25 | Build | Farm |
| 17:34 | Build | Farm |
| 17:35 | Create | Villager (Male) |
| 17:42 | Create | Villager (Male) |
| 17:52 | Build | Farm |
| 17:53 | Create | Villager (Male) |
| 17:55 | Build | Farm |
| 18:04 | Build | Farm |
| 18:05 | Create | Villager (Male) |
| 18:19 | Build | Farm |
| 18:20 | Create | Villager (Male) |
| 18:23 | Build | Farm |
| 18:24 | Create | Villager (Male) |
| 18:26 | Create | Villager (Male) |
| 18:32 | Build | House |
| 18:33 | Build | House |
| 18:34 | Build | House |
| 18:43 | Create | Villager (Male) |
| 18:45 | Build | Farm |
| 18:47 | Create | Villager (Male) |
| 18:55 | Create | Villager (Male) |
| 19:11 | Create | Villager (Male) |
| 19:12 | Create | Villager (Male) |
| 19:13 | Create | Villager (Male) |
| 19:13 | Create | Villager (Male) |
| 19:31 | Create | Villager (Male) |
| 19:35 | Build | House |
| 19:40 | Create | Villager (Male) |
| 19:41 | Research | Wheelbarrow |
| 19:41 | Research | Wheelbarrow |
| 19:42 | Research | Wheelbarrow |
| 19:49 | Create | Villager (Male) |
| 19:55 | Build | Mill |
| 19:56 | Build | Farm |
| 19:56 | Build | Farm |
| 19:57 | Build | Farm |
| 19:57 | Build | Farm |
| 19:58 | Create | Villager (Male) |
| 20:04 | Build | Farm |
| 20:05 | Build | Farm |
| 20:05 | Build | Farm |
| 20:06 | Build | Farm |
| 20:06 | Build | Farm |
| 20:07 | Build | Farm |
| 20:08 | Create | Villager (Male) |
| 20:16 | Create | Villager (Male) |
| 20:27 | Build | Town Center |
| 20:36 | Create | Villager (Male) |
| 20:39 | Create | Villager (Male) |
| 20:49 | Research | Heavy Plow |
| 20:49 | Research | Heavy Plow |
| 20:52 | Research | Gold Mining |
| 20:53 | Research | Gold Mining |
| 20:59 | Create | Villager (Male) |
| 21:04 | Create | Villager (Male) |
| 21:09 | Create | Villager (Male) |
| 21:11 | Create | Villager (Male) |
| 21:16 | Build | Farm |
Match timeline
| 9:25 | JohTo · first_building Barracks |
| 9:43 | 唐尚书右丞王维 · first_building Barracks |
| 10:21 | Keverrs · age_up feudal |
| 10:32 | BLABLA_8686 · wall_segment Palisade Wall x1 |
| 10:32 | 巨炮叔叔 · age_up feudal |
| 10:33 | BLABLA_8686 · wall_segment Palisade Wall x1 |
| 10:36 | BLABLA_8686 · wall_segment Palisade Wall x1 |
| 10:39 | BLABLA_8686 · wall_segment Palisade Wall x1 |
| 10:45 | 柒染 · age_up feudal |
| 10:45 | JohTo · age_up feudal |
| 10:48 | JohTo · first_building Stable |
| 10:56 | G2_pizza · age_up feudal |
| 11:21 | Shino · age_up feudal |
| 11:30 | 唐尚书右丞王维 · age_up feudal |
| 11:33 | BLABLA_8686 · age_up feudal |
| 12:22 | Shino · first_building Barracks |
| 14:05 | 柒染 · age_up castle |
| 14:17 | 巨炮叔叔 · age_up castle |
| 14:22 | 唐尚书右丞王维 · first_market_buy 100 food |
| 14:26 | 唐尚书右丞王维 · first_market_sell 100 wood |
| 14:56 | Shino · age_up castle |
| 15:02 | Shino · first_building Siege Workshop |
| 15:04 | G2_pizza · age_up castle |
| 15:09 | Keverrs · age_up castle |
| 15:10 | BLABLA_8686 · age_up castle |
| 15:10 | G2_pizza · first_building Castle |
| 15:21 | JohTo · age_up castle |
| 15:24 | Keverrs · first_building Monastery |
| 15:50 | Shino · first_market_buy 100 wood |
| 16:45 | Shino · first_building Archery Range |
| 17:07 | 唐尚书右丞王维 · age_up castle |
| 17:13 | JohTo · first_building Castle |
| 17:15 | BLABLA_8686 · wall_segment Stone Wall x8 |
| 17:40 | 唐尚书右丞王维 · first_building Siege Workshop |
| 17:49 | BLABLA_8686 · wall_segment Stone Wall x1 |
| 17:50 | BLABLA_8686 · wall_segment Stone Wall x1 |
| 17:59 | Shino · first_market_sell 100 wood |
| 17:59 | BLABLA_8686 · first_building Barracks |
| 18:11 | Keverrs · first_market_sell 100 wood |
| 18:19 | 唐尚书右丞王维 · wall_segment Stone Wall x16 |
| 18:25 | 唐尚书右丞王维 · wall_segment Stone Wall x3 |
| 18:43 | 柒染 · first_market_sell 100 wood |
| 18:44 | 柒染 · first_market_buy 100 stone |
| 18:46 | BLABLA_8686 · wall_segment Stone Wall x1 |
| 19:09 | G2_pizza · first_building Siege Workshop |
| 19:32 | Keverrs · first_building Siege Workshop |
| 19:49 | BLABLA_8686 · first_building Archery Range |
| 20:13 | 巨炮叔叔 · first_market_buy 100 wood |
| 20:51 | JohTo · first_building Monastery |
| 21:17 | BLABLA_8686 · first_building Castle |
| 21:29 | Keverrs · first_building Barracks |
| 22:23 | 巨炮叔叔 · first_building Barracks |
| 22:35 | 柒染 · first_building Siege Workshop |
| 22:35 | 巨炮叔叔 · first_building Siege Workshop |
| 23:05 | G2_pizza · first_market_buy 100 food |
| 23:18 | 唐尚书右丞王维 · first_building Castle |
| 23:22 | 巨炮叔叔 · wall_segment Stone Wall x12 |
| 23:31 | 巨炮叔叔 · first_market_sell 100 wood |
| 24:54 | BLABLA_8686 · first_building Stable |
| 25:08 | 唐尚书右丞王维 · first_building Archery Range |
| 25:26 | 柒染 · first_building Barracks |
| 25:51 | 巨炮叔叔 · first_building Monastery |
| 26:27 | 柒染 · first_building Stable |
| 27:17 | 巨炮叔叔 · first_building Castle |
| 27:31 | BLABLA_8686 · first_market_sell 100 wood |
| 27:39 | G2_pizza · first_market_sell 100 wood |
| 28:12 | Keverrs · first_market_buy 500 stone |
| 28:12 | 柒染 · age_up imperial |
| 28:25 | Keverrs · first_building Castle |
| 28:32 | Keverrs · age_up imperial |
| 28:57 | 唐尚书右丞王维 · age_up imperial |
| 29:29 | 巨炮叔叔 · first_building Archery Range |
| 29:40 | 柒染 · first_building Castle |
| 29:49 | 巨炮叔叔 · age_up imperial |
| 31:06 | BLABLA_8686 · wall_segment Stone Wall x1 |
| 33:27 | BLABLA_8686 · wall_segment Stone Wall x1 |
| 33:28 | BLABLA_8686 · wall_segment Stone Wall x1 |
| 34:06 | BLABLA_8686 · wall_segment Stone Wall x1 |
| 34:07 | G2_pizza · first_building Barracks |
| 35:12 | G2_pizza · age_up imperial |
| 35:27 | Shino · age_up imperial |
| 36:09 | Shino · first_building Castle |
| 36:24 | JohTo · first_building Archery Range |
| 36:37 | G2_pizza · first_building Archery Range |
| 37:04 | 柒染 · tribute_sent a jugador 1 |
| 37:04 | 柒染 · tribute_sent a jugador 3 |
| 37:04 | 柒染 · tribute_sent a jugador 4 |
| 37:04 | 柒染 · tribute_sent a jugador 5 |
| 37:04 | 柒染 · tribute_sent a jugador 6 |
| 37:04 | 柒染 · tribute_sent a jugador 7 |
| 37:04 | 柒染 · tribute_sent a jugador 8 |
| 37:38 | 巨炮叔叔 · first_building Stable |
| 38:22 | JohTo · age_up imperial |
| 38:22 | Shino · resign |
[ AI ANALYSIS · 1 CREDIT ]
What really happened in this match?
Wolo.gg analyzes every decision: build order, eco, micro, common mistakes by bracket. Personalized analysis on WhatsApp or Discord in 30 seconds.
Civ guide
Vikings
Perfil
Jugador #19613893